 Dungeon Crawl Stone Soup version 0.23.2-1-ga50397a (webtiles) character file.

Game seed: 12957775219283778817

214 diana the Shield-Bearer (level 5, -10/47 HPs)
             Began as a Minotaur Fighter on May 31, 2019.
             Was a Follower of Makhleb.
             Mangled by an iguana (12 damage)
             ... on level 4 of the Dungeon.
             The game lasted 00:02:47 (2404 turns).

diana the Shield-Bearer (Minotaur Fighter)          Turns: 2404, Time: 00:02:48

Health: -10/47     AC:  7    Str: 21    XL:     5   Next: 60%
Magic:  4/4        EV:  8    Int:  5    God:    Makhleb [*.....]
Gold:   127        SH: 10    Dex: 10    Spells: 4/4 levels left

rFire    . . .     SeeInvis .   a - +0 war axe
rCold    . . .     Gourm    .   c - +0 shield
rNeg     . . .     Faith    .   b - +0 scale mail
rPois    .         Spirit   .   (helmet restricted)
rElec    .         Reflect  .   (no cloak)
rCorr    .         Harm     .   (no gloves)
MR       .....                  (no boots)
Stlth    ..........             (no amulet)
HPRegen  0.15/turn              (no ring)
MPRegen  0.09/turn              (no ring)

@: no status effects
A: retaliatory headbutt, horns 2
a: Renounce Religion


You were on level 4 of the Dungeon.
You worshipped Makhleb.
Makhleb was aware of your devotion.
You were hungry.

You visited 1 branch of the dungeon, and saw 4 of its levels.

You collected 127 gold pieces.

Inventory:

Hand Weapons
 a - a +0 war axe (weapon)
Armour
 b - a +0 scale mail (worn)
 c - a +0 shield (worn)
Wands
 h - a wand of random effects (18)
Scrolls
 e - 3 scrolls of blinking {unknown}
 g - 2 scrolls of teleportation {unknown}
 i - a scroll of random uselessness {unknown}
 j - 2 scrolls of amnesia {unknown}
 k - a scroll of enchant armour {unknown}
 l - a scroll of identify {unknown}
 m - a scroll of enchant weapon {unknown}
Potions
 d - 2 potions of might
Comestibles
 f - 4 rations


   Skills:
 + Level 4.3 Fighting
 * Level 4.4 Axes
 + Level 4.4 Armour
 + Level 1.9 Dodging
 * Level 5.1 Shields


You had 4 spell levels left.
You didn't know any spells.
Your spell library was empty.

Dungeon Overview and Level Annotations

Branches:
Dungeon (4/15)
 Temple: D:4-7

Altars:
Cheibriados
Elyvilon
Makhleb
Nemelex Xobeh
Yredelemnul

Annotations:
D:3 Grinder


Innate Abilities, Weirdness & Mutations

You reflexively headbutt those who attack you in melee.
You have a pair of horns on your head.


Message History

The adder bites you.
You slash the adder!
You kill the adder!
Makhleb accepts your kill.
You hit the iguana.
The iguana is lightly wounded.
The iguana bites you!
You barely miss the iguana.
The iguana is lightly wounded.
The iguana bites you. x2
* * * LOW HITPOINT WARNING * * *
You slash the iguana!
The iguana is severely wounded.
You block the iguana's attack.
You closely miss the iguana.
The iguana is severely wounded.
The iguana bites you!
* * * LOW HITPOINT WARNING * * *
The iguana bites you!
You die...

.. #.. ..
..+#
#.#...# #
#..#..#
... .....#
#....#†#.#
#.......l#
.)....##l#
#.### #@#
#.# #)#
#<# ###


You could see 2 iguanas.

Vanquished Creatures
  A hound (D:4)
  Natasha (twice) (D:2)
  Robin (D:3)
  4 adders
  An ooze (D:2)
  A worm (D:2)
  3 dart slugs
  A leopard gecko (D:2)
  An orc (D:3)
  6 giant cockroaches
  13 goblins
  12 hobgoblins
  3 jackals (D:2)
  A quokka (D:3)
  A ball python (D:2)
  9 bats
  4 frilled lizards
  3 kobolds
  5 rats
72 creatures vanquished.

Notes
Turn   | Place    | Note
-------+----------+-------------------------------------------
     0 | D:1      | diana the Minotaur Fighter began the quest for the Orb.
     0 | D:1      | Reached XP level 1. HP: 19/19 MP: 0/0
   144 | D:1      | Reached XP level 2. HP: 27/27 MP: 1/1
   478 | D:1      | Reached skill level 4 in Shields
   783 | D:2      | Reached XP level 3. HP: 33/33 MP: 2/2
   822 | D:2      | Found a burning altar of Makhleb.
   829 | D:2      | Became a worshipper of Makhleb the Destroyer
  1065 | D:2      | Noticed Natasha
  1073 | D:2      | Killed Natasha
  1073 | D:2      | Reached skill level 1 in Dodging
  1073 | D:2      | Reached XP level 4. HP: 24/40 MP: 3/3
  1455 | D:2      | Found a white marble altar of Elyvilon.
  1517 | D:2      | Found a basalt altar of Yredelemnul.
  1643 | D:2      | Noticed Natasha
  1653 | D:2      | Killed Natasha
  1886 | D:3      | Noticed Robin
  1889 | D:3      | Reached * piety under Makhleb
  1892 | D:3      | Reached XP level 5. HP: 44/46 MP: 4/4
  1908 | D:3      | HP: 2/46 [poisoned by Robin]
  1910 | D:3      | Killed Robin
  2209 | D:3      | Found a snail-covered altar of Cheibriados.
  2249 | D:3      | Found a sparkling altar of Nemelex Xobeh.
  2323 | D:3      | Noticed Grinder
  2396 | D:4      | Reached skill level 5 in Shields
  2404 | D:4      | HP: 2/47 [iguana (11)]
  2404 | D:4      | Mangled by an iguana

Skill      XL: |  1  2  3  4  5 |
---------------+----------------+-----
Shields        | 4 5 |  5.1
Axes           | 3 4 |  4.4
Armour         | 4 |  4.4
Fighting       | 4 |  4.3
Dodging        | 1 |  1.9

Action                   |  1- 3 |  4- 6 || total
-------------------------+-------+-------++-------
Melee: War axe           |    87 |    81 ||   168
       Headbutt          |    13 |    12 ||    25
  Use: Potion            |       |     1 ||     1
  Eat: Chunk             |       |     4 ||     4
Armor: Scale mail        |    44 |    42 ||    86
Dodge: Dodged            |    34 |    31 ||    65
Block: Shield            |    42 |    55 ||    97
